2638 views
Uploaded 2020-02-09 16:23:08
Game version 1.32 / 1.32.1
5:46 long 1on1 ladder game on (2)LastRefuge
Saved by Grim
2638 views
Uploaded 2020-02-09 16:23:08
Game version 1.32 / 1.32.1
5:46 long 1on1 ladder game on (2)LastRefuge

14 units @ 1.6k
/ 0k
6 buildings @ 1k
/ 0.3k

| Rod of Necromancy | 1 | 150 |
| Potion of Healing | 2 | 300 |
| total: | 3 | 450g |
| Acolyte | 2 | 150 | / | 0 |
| Ghoul | 12 | 1440 | / | 0 |
| total: | 14 | 1590g | / | 0w |
| Nerubian Tower | 1 | 100 | / | 20 |
| Crypt | 1 | 200 | / | 50 |
| Altar of Darkness | 1 | 180 | / | 50 |
| Ziggurat | 3 | 450 | / | 150 |
| Tomb of Relics | 1 | 130 | / | 30 |
| Halls of the Dead | 2 | 640 | / | 420 |
| total: | 6 | 960g | / | 280w |
| 0:03 | Acolyte |
| 0:07 | Crypt |
| 0:11 | Altar of Darkness |
| 0:14 | Acolyte |
| 0:32 | Ziggurat |
| 0:56 | Tomb of Relics |
| 1:14 | Ghoul |
| 1:21 | Ghoul |
| 1:27 | Ziggurat |
| 1:38 | Ghoul |
| 1:59 | Ghoul |
| 2:02 | Ghoul |
| 2:19 | Rod of Necromancy |
| 2:20 | Frost Nova |
| 2:49 | Halls of the Dead |
| 3:02 | Ghoul |
| 3:15 | Ziggurat |
| 3:28 | Dark Ritual |
| 3:34 | Ghoul |
| 4:01 | Ghoul |
| 4:33 | Ghoul |
| 4:39 | Frost Nova |
| 4:44 | Nerubian Tower |
| 5:00 | Ghoul |
| 5:00 | Ghoul |
| 5:17 | Potion of Healing |
| 5:25 | Potion of Healing |
| 5:28 | Ghoul |
| Right click | 384 |
| Assign group | 136 |
| Select | 106 |
| Select group | 88 |
| Build/train/purchase | 35 |
| Use ability | 11 |
| Chat | 11 |
| Misc. action | 5 |
15 units @ 1.7k
/ 0k
7 buildings @ 1.2k
/ 0.3k

| Rod of Necromancy | 1 | 150 |
| total: | 1 | 150g |
| Acolyte | 2 | 150 | / | 0 |
| Ghoul | 13 | 1560 | / | 0 |
| total: | 15 | 1710g | / | 0w |
| Crypt | 2 | 400 | / | 100 |
| Ziggurat | 3 | 450 | / | 150 |
| Altar of Darkness | 1 | 180 | / | 50 |
| Tomb of Relics | 1 | 130 | / | 30 |
| total: | 7 | 1160g | / | 330w |
| 0:04 | Acolyte |
| 0:04 | Acolyte |
| 0:10 | Crypt |
| 0:18 | Ziggurat |
| 0:36 | Crypt |
| 1:04 | Altar of Darkness |
| 1:12 | Ghoul |
| 1:32 | Ghoul |
| 1:37 | Ziggurat |
| 1:46 | Ghoul |
| 1:59 | Ghoul |
| 2:14 | Tomb of Relics |
| 2:29 | Ghoul |
| 2:38 | Ghoul |
| 2:53 | Ghoul |
| 3:07 | Ziggurat |
| 3:22 | Rod of Necromancy |
| 3:28 | Ghoul |
| 3:40 | Frost Nova |
| 4:00 | Ghoul |
| 4:19 | Ghoul |
| 4:42 | Ghoul |
| 4:55 | Dark Ritual |
| 5:31 | Ghoul |
| 5:31 | Ghoul |
| Right click | 118 |
| Select | 108 |
| Assign group | 42 |
| Build/train/purchase | 25 |
| Select group | 16 |
| Use ability | 6 |
| Misc. action | 4 |
| Item give/drop | 1 |